 Dungeon Crawl Stone Soup version 0.29.0-7-g18a832c13a (webtiles) character file.

Game seed: 14161738743676194535

434 ExZ the Shooter (level 7, -5/43 HPs)
             Began as a Gargoyle Hunter on Aug 30, 2022.
             Was a Follower of Qazlal.
             Slain by an ogre
             ... wielding a +0 giant spiked club
              (25 damage)
             ... on level 5 of the Dungeon.
             The game lasted 00:05:50 (5720 turns).

ExZ the Shooter (Gargoyle Hunter)                   Turns: 5720, Time: 00:05:51

Health: -5/43      AC: 18    Str: 16    XL:     7   Next: 0%
Magic:  7/7        EV:  7    Int: 10    God:    Qazlal [*.....]
Gold:   262        SH:  2    Dex: 13    Spells: 6/6 levels left

rFire   . . .      SeeInvis .   a - +0 shortbow
rCold   . . .      Faith    .   (shield currently unavailable)
rNeg    + . .      Spirit   .   n - +0 chain mail
rPois   ∞          Reflect  .   (no helmet)
rElec   +          Harm     .   (no cloak)
rCorr   .          Rampage  .   (no gloves)
Will    .....                   x - +0 pair of boots
Stlth   ..........              s - amulet of the acrobat
HPRegen 0.14/turn               h - +4 ring of protection
MPRegen 0.10/turn               (no ring)

@: no status effects
A: sickness immunity, AC +4, negative energy resistance 1, electricity
resistance, torment resistance 1, petrification resistance
a: Renounce Religion


You were on level 5 of the Dungeon.
You worshipped Qazlal.
Qazlal was aware of your devotion.
You visited 1 branch of the dungeon, and saw 5 of its levels.

You collected 262 gold pieces.

Inventory:

Hand Weapons
 a - a +0 shortbow (weapon)
 l - a +0 rapier
Armour
 c - a +0 leather armour
 n - a +0 chain mail (worn)
 x - a +0 pair of boots (worn)
Jewellery
 h - a +4 ring of protection (left hand)
 s - an amulet of the acrobat (around neck)
 y - an amulet of the acrobat
Wands
 t - a wand of acid (15)
 v - a wand of flame (16)
Scrolls
 b - 2 scrolls of immolation
 e - 6 scrolls of identify {unknown}
 f - 3 scrolls of teleportation
 k - 2 scrolls of amnesia {unknown}
 m - 2 scrolls of fear {unknown}
 p - a scroll of enchant weapon {unknown}
 q - a scroll of vulnerability {unknown}
 r - a scroll of brand weapon {unknown}
 u - a scroll of magic mapping {unknown}
 w - a scroll of torment {unknown}
Potions
 d - a potion of might {unknown}
 g - 4 potions of haste
 i - a potion of heal wounds {unknown}
 j - 3 potions of curing {unknown}
 o - a potion of attraction {unknown}
 z - a potion of ambrosia {unknown}


   Skills:
 + Level 4.2 Fighting
 + Level 6.8 Ranged Weapons
 - Level 2.2 Armour
 - Level 1.6 Dodging
 - Level 1.3 Stealth


You had 6 spell levels left.
You didn't know any spells.
Your spell library contained the following spells:

 Spells                   Type           Power      Damage    Failure   Level
 Sting                    Tmut/Pois      0%         1d3       100%        1
 Poisonous Vapours        Pois/Air       0%         N/A       100%        2
 Olgreb's Toxic Radiance  Pois           0%         N/A       100%        4


Dungeon Overview and Level Annotations

Branches:
Dungeon (5/15)
 Temple: D:4-7

Altars:
Makhleb
Qazlal
Trog


Innate Abilities, Weirdness & Mutations

You are immune to sickness and miasma.
Your stone body is resilient. (AC +4)
You are immune to poison.
You resist negative energy. (rN+)
You are resistant to electric shocks. (rElec)
You are resistant to unholy torment.
You are immune to petrification.


Message History

The ogre is heavily wounded.
The ogre hits you with a +0 giant spiked club.
You are too injured to fight recklessly!
You are too injured to fight recklessly!
You are too injured to fight recklessly!
You are too injured to fight recklessly!
Unknown command.
The ogre closely misses you.
There is a stone staircase leading up here.
You climb upwards.
There is a stone staircase leading down here.
HP restored.
Done exploring.
You climb downwards.
The ogre barely misses you.
There is a stone staircase leading up here.
You shoot an arrow. The arrow hits the ogre!
The ogre is moderately wounded.
The ogre hits you with a +0 giant spiked club!
You shoot an arrow. The arrow hits the ogre!
The ogre is heavily wounded.
The ogre hits you with a +0 giant spiked club!!
You are too injured to fight recklessly!
You are too injured to fight recklessly!
Unknown command.
The ogre misses you.
Unknown command.
The ogre attacks as you move away! The ogre completely misses you.
You are too injured to fight recklessly!
Unknown command.
Fire: a) +0 shortbow
Press: ? - help, Q - select action, (/) - cycle Shift-Dir - straight line, f/p - ogre
Aim: an ogre, wielding a +0 giant spiked club (heavily wounded, 77% to hit)
You shoot an arrow. The arrow hits the ogre.
The ogre is severely wounded.
The ogre completely misses you.
Unknown command.
The ogre attacks as you move away!
The ogre hits you with a +0 giant spiked club!!
Ouch! That really hurt!
You die...

.......[..#..# #.#
##..#...###..# #.#
#..##.## #..# #.#
.......# #..# #.#
.#..#### #..# #.#
#..#######..#####.# ..
................# #
########(.####.##
####>.###@#.#######
####.......O###......#
.........###.#.#####.#
.###.##.## ##.##
#.##.### ### #.....<#
##.....# ##....#
##...#


You could see an ogre.

Vanquished Creatures
  An ogre (D:5)
  A scorpion (D:4)
  2 hounds
  2 iguanas
  4 gnolls
  5 adders
  5 worms
  3 dart slugs
  2 orcs
  7 endoplasms
  2 giant cockroaches
  5 goblins
  6 hobgoblins
  8 jackals
  7 quokkas
  4 ball pythons
  5 bats
  4 frilled lizards
  3 kobolds
  6 rats
82 creatures vanquished.

Notes
Turn   | Place    | Note
-------+----------+-------------------------------------------
     0 | D:1      | ExZ the Gargoyle Hunter began the quest for the Orb.
     0 | D:1      | Reached XP level 1. HP: 12/12 MP: 1/1
   178 | D:1      | Reached XP level 2. HP: 9/17 MP: 2/2
  1168 | D:2      | Reached XP level 3. HP: 21/21 MP: 3/3
  1190 | D:2      | Found a stormy altar of Qazlal.
  1222 | D:2      | Became a worshipper of Qazlal Stormbringer
  1619 | D:2      | Reached skill level 5 in Ranged Weapons
  1737 | D:2      | Reached XP level 4. HP: 19/26 MP: 4/4
  2020 | D:2      | Reached * piety under Qazlal
  2522 | D:3      | Reached skill level 1 in Armour
  2638 | D:3      | Reached XP level 5. HP: 30/30 MP: 5/5
  3090 | D:4      | Found a burning altar of Makhleb.
  3094 | D:4      | Noticed a blizzard demon
  3529 | D:4      | Reached skill level 6 in Ranged Weapons
  3699 | D:4      | Reached XP level 6. HP: 27/37 MP: 6/6
  4713 | D:5      | Entered Level 5 of the Dungeon
  4713 | D:5      | Found a bloodstained altar of Trog.
  4743 | D:5      | Noticed an orc warrior
  5465 | D:5      | Reached XP level 7. HP: 32/43 MP: 7/7
  5720 | D:5      | Slain by an ogre

Illustrated notes

Levels and vault maps discovered:
D:1:      roderic_dead_forest, layout_basic
D:2:      minmay_recursive_quarters, layout_loops_ring, basic_altar
D:3:      layout_basic
D:4:      layout_gridville, makhleb_altar_promises_db, minmay_misc_feat_pillars
D:5:      layout_loops_ring, mainiacjoe_overflow_tiny_flanked,
          minmay_temple_entry_waves, goddamned_bats

Skill      XL: |  1  2  3  4  5  6 |
---------------+-------------------+-----
Ranged Weapons | 5 6 |  6.8
Armour         | 1 2 |  2.2
Fighting       | 3 4 |  4.2
Dodging        | |  1.6
Stealth        | |  1.3

Action                   |  1- 3 |  4- 6 |  7- 9 || total
-------------------------+-------+-------+-------++-------
 Fire: Shortbow          |   110 |   194 |    11 ||   315
  Use: Scroll            |       |     1 |       ||     1
       Potion            |       |     1 |       ||     1
Armor: Leather armour    |    20 |     2 |       ||    22
       Chain mail        |       |    84 |       ||    84
Dodge: Dodged            |    38 |    41 |     7 ||    86
Block: Other             |       |     9 |       ||     9
